 Dungeon Crawl Stone Soup version 0.28-a0-1524-ge72afd5fc6 (webtiles) character file.

Game seed: 1408246982589115069

84 Snarg the Sneak (level 4, -3/36 HPs)
             Began as a Demigod Wanderer on Jan 18, 2022.
             Slain by a water moccasin (8 damage)
             ... on level 3 of the Dungeon.
             The game lasted 00:05:04 (2772 turns).

Snarg the Sneak (Demigod Wanderer)                  Turns: 2772, Time: 00:05:05

Health: -3/36      AC:  3    Str: 21    XL:     4   Next: 4%
Magic:  6/6        EV: 12    Int: 13    God:
Gold:   66         SH:  0    Dex: 16    Spells: 3/3 levels left

rFire   . . .      SeeInvis .   a - +2 dagger
rCold   . . .      Faith    .   (no shield)
rNeg    . . .      Spirit   .   e - +0 robe
rPois   .          Reflect  .   (no helmet)
rElec   .          Harm     .   (no cloak)
rCorr   .          Rampage  .   n - +0 pair of gloves
Will    .....                   (no boots)
Stlth   +++.......              (no amulet)
HPRegen 0.12/turn               f - +6 ring of strength
MPRegen 0.10/turn               (no ring)

@: lethally poisoned (-3 -> -12)
A: high mp 1, forlorn, divine attributes
a: no special abilities


You were on level 3 of the Dungeon.
You visited 1 branch of the dungeon, and saw 3 of its levels.

You collected 66 gold pieces.

Inventory:

Hand Weapons
 a - a +2 dagger (weapon)
 m - a +0 short sword
 p - a +0 long sword
Missiles
 h - 53 stones (quivered)
 o - 3 poisoned darts
Armour
 e - a +0 robe (worn)
 n - a +0 pair of gloves (worn)
Jewellery
 f - a +6 ring of strength (left hand)
Scrolls
 b - a scroll of fear
 c - 2 scrolls of teleportation
 d - a scroll of fog
 l - 2 scrolls of amnesia {unknown}
 q - a scroll of magic mapping {unknown}
 s - a scroll of identify {unknown}
Potions
 g - a potion of haste {unknown}
 i - a potion of flight {unknown}
 j - 2 potions of curing {unknown}
 k - a potion of cancellation {unknown}
 r - a potion of invisibility {unknown}


   Skills:
 * Level 1.6 Fighting
 + Level 1.5 Short Blades
 * Level 0.4 Throwing
 - Level 2.6 Armour
 - Level 2.0 Dodging
 - Level 4.0 Stealth
 - Level 1.7 Unarmed Combat


You had 3 spell levels left.
You didn't know any spells.
Your spell library contained the following spells:

 Spells                   Type           Power      Damage    Failure   Level
 Animate Armour           Summ/Erth      0%         N/A       97%         4
 Blade Hands              Tmut           0%         N/A       100%        5
 Iron Shot                Conj/Erth      0%         9d1       100%        6


Dungeon Overview and Level Annotations

Branches:
Dungeon (3/15)

Annotations:
D:1 clr
D:2 clr


Innate Abilities, Weirdness & Mutations

You have an increased reservoir of magic. (+10% MP)
You shall have no god before yourself.
Your divine heritage dramatically boosts your attributes as you level up.


Message History

A dart slug is nearby!
Found a golden potion.
You hit the dart slug.
The dart slug is moderately wounded.
The dart slug briefly extends its eye-stalks.
The dart slug closely misses you.
You hit the dart slug.
The dart slug is severely wounded.
You hit the dart slug.
You kill the dart slug!
No target in view!
Found a stone staircase leading down.
There is a stone staircase leading down here.
Found 26 bolts.
A water moccasin comes into view.
You see here a golden potion.
The helpless water moccasin fails to defend itself.
You impale the water moccasin!!
The water moccasin is severely wounded.
The water moccasin bites you!
You hit the water moccasin.
The water moccasin is severely wounded.
The water moccasin bites you. x2
You are poisoned.
The water moccasin poisons you!
You barely miss the water moccasin.
The water moccasin is severely wounded.
You feel very sick. The water moccasin bites you.
You hit the water moccasin.
The water moccasin is severely wounded.
* * * LOW HITPOINT WARNING * * *
You feel very sick. The water moccasin bites you.
* * * LOW HITPOINT WARNING * * *
You hit the water moccasin.
The water moccasin is almost dead.
* * * LOW HITPOINT WARNING * * *
You feel sick. The water moccasin bites you!
You die...

# #.# #.#
#...######.## #.#
.#.......>....
#.##.##+#####.####
#.##.#... #.....
#.##.#..# ##....
#.##.#..#.# #....
#S##.#..#.# #....
#@##.#>.#.# #....
#.!..#..#.# #....
#....#..#.# #####
#....+.>.#.#
#......#.#.######
#..#............#
#..#....#.......#
#..#....#.†.....#
#(.#.##.........#


You could see a water moccasin.

Vanquished Creatures
  A hound (D:3)
  2 adders (D:2)
  A dart slug (D:3)
  3 ball pythons (D:1)
  3 endoplasms
  A giant cockroach (D:1)
  4 goblins (D:1)
  2 hobgoblins
  3 jackals (D:1)
  3 quokkas
  4 bats
  2 frilled lizards
  2 kobolds (D:1)
  3 rats
34 creatures vanquished.

Notes
Turn   | Place    | Note
-------+----------+-------------------------------------------
     0 | D:1      | Snarg the Demigod Wanderer began the quest for the Orb.
     0 | D:1      | Snarg set off with the following items: a +2 dagger, a
                  | scroll of fear, a scroll of teleportation, a scroll of fog,
                  | a +0 robe
     0 | D:1      | Reached XP level 1. HP: 14/14 MP: 3/3
   164 | D:1      | Reached skill level 4 in Stealth
   245 | D:1      | Reached XP level 2. HP: 18/22 MP: 4/4
   262 | D:1      | Reached skill level 1 in Fighting
  1372 | D:2      | Reached skill level 1 in Short Blades
  1372 | D:2      | Reached XP level 3. HP: 28/28 MP: 5/5
  2737 | D:3      | Reached XP level 4. HP: 35/35 MP: 6/6
  2766 | D:3      | Noticed a water moccasin
  2772 | D:3      | Slain by a water moccasin

Illustrated notes

Levels and vault maps discovered:
D:1:      evilmike_arrival_hilbert_curve, layout_loops_ring,
          shapermc_ecumenical_altar_hornbeckon
D:2:      layout_basic, minmay_strange_pillars
D:3:      layout_basic, nicolae_ru_sacrificial_ziggurat,
          grunt_temple_overflow_open, biasface_ghost_orc_armoury,
          hex_intersection, minmay_misc_feat_rugged

Skill      XL: |  1  2  3 |
---------------+----------+-----
Stealth        | 4 |  4.0
Fighting       | 1 |  1.6
Short Blades   | 1 |  1.5
Dodging        | 2 |  2.0
Throwing       | |  0.4
Armour         | |  2.6
Unarmed Combat | |  1.7

Action                   |  1- 3 |  4- 6 || total
-------------------------+-------+-------++-------
Melee: Dagger            |   108 |     9 ||   117
       Punch             |     1 |       ||     1
Throw: Stone             |     4 |       ||     4
 Stab: Sleeping          |     8 |     2 ||    10
       Distracted        |     1 |       ||     1
Armor: Robe              |    21 |       ||    21
Dodge: Dodged            |    78 |     1 ||    79

Table legend: (Time is in decaauts)
 A = Elapsed time spent in this place.
 B = Non-inter-level travel time spent in this place.
 C = Inter-level travel time spent in this place.
 D = Time resting spent in this place.
 E = Time spent auto-exploring this place.
 F = Levels seen in this place.
 G = Mean time per level.
                   A        B        C        D        E       F      G
               +--------+--------+--------+--------+--------+-----+--------+
         Total |   2773 |   2708 |     65 |    490 |   1856 |   3 |  924.3 |
       Dungeon |   2773 |   2708 |     65 |    490 |   1856 |   3 |  924.3 |
               +--------+--------+--------+--------+--------+-----+--------+

Top non-repeatable levels by time:
     D:1: 1258 daAuts
     D:2: 1185 daAuts
     D:3: 328 daAuts
